 Dungeon Sprint DCSS version 0.29-a0-813-g4a14ea37d6 (webtiles) character file.

Game seed: 11612721417033079255

4 123456 the Trooper (level 1, 0/20 HPs)
             Began as a Minotaur Fighter on July 4, 2022.
             Slain by a gnoll sergeant
             ... wielding a +4 vorpal spear
              (1 damage)
             ... in the Dungeon (Sprint IX: "|||||||||||||||||||||||||||||").
             The game lasted 00:00:14 (168 turns).

123456 the Trooper (Minotaur Fighter)                Turns: 168, Time: 00:00:14

Health: 0/20       AC:  7    Str: 20    XL:     1   Next: 58%
Magic:  0/0        EV:  9    Int:  5    God:
Gold:   0          SH:  4    Dex:  9    Spells: 0/0 levels left

rFire   . . .      SeeInvis .   a - +0 flail
rCold   . . .      Faith    .   c - +0 buckler
rNeg    . . .      Spirit   .   b - +0 scale mail
rPois   .          Reflect  .   (helmet restricted)
rElec   .          Harm     .   (no cloak)
rCorr   .          Rampage  .   (no gloves)
Will    .....      NoTele   +   (no boots)
Stlth   ..........              (no amulet)
HPRegen 0.06/turn               (no ring)
MPRegen 0.07/turn               (no ring)

@: no status effects
A: horns 2, retaliatory headbutt
a: no special abilities


You were in the Dungeon.
You visited 1 branch

Inventory:

Hand Weapons
 a - a +0 flail (weapon)
Armour
 b - a +0 scale mail (worn)
 c - a +0 buckler (worn)
Scrolls
 j - a scroll of blinking
Potions
 d - a potion of might
 e - a potion of curing
 f - a potion of heal wounds
 g - a potion of haste
 h - 2 potions of magic
 i - a potion of berserk rage


   Skills:
 * Level 4.3 Fighting
 * Level 3.3 Maces & Flails
 + Level 4.0 Armour
 + Level 1.1 Dodging
 - Level 3.6 Shields


You couldn't memorise any spells.
You didn't know any spells.
Your spell library was empty.

Dungeon Overview and Level Annotations

Branches:
Dungeon (1/1)

Altars:


Innate Abilities, Weirdness & Mutations

You have a pair of horns on your head.
You reflexively headbutt those who attack you in melee.


Message History

You thump the ball python!
You kill the ball python!
Your Fighting skill increases to level 4!
Your Maces & Flails skill increases to level 3!
You hit the rat. You headbutt the rat.
You kill the rat!
The kobold hits you but does no damage.
There is an open door to the Dungeon here.
You see here a ball python corpse.
You hit the kobold.
You kill the kobold!
The rat closely misses you.
Your Dodging skill increases to level 1!
You hit the rat but do no damage. You headbutt the rat, but do no damage.
The rat bites you but does no damage.
You hit the rat.
You kill the rat!
Your Armour skill increases to level 4!
Things that are here:
a +0 short sword; 5 stones; a rat corpse HP restored.
You open the door.
A gnoll sergeant, a jelly, an iguana, a worm and a scorpion come into view.
The gnoll sergeant is wielding a +4 vorpal spear.
The gnoll sergeant shouts!
The jelly quivers.
The iguana hisses angrily.
The gnoll sergeant closely misses you.
The gnoll sergeant hits you with a +4 vorpal spear!
There is an open door, spattered with blood here.
You are too injured to fight recklessly!
You are too injured to fight recklessly!
You are too injured to fight recklessly!
You are too injured to fight recklessly!
You hit the gnoll sergeant.
You headbutt the gnoll sergeant, but do no damage.
The gnoll sergeant is moderately wounded.
The gnoll sergeant hits you with a +4 vorpal spear!
* * * LOW HITPOINT WARNING * * *
You die... ▓▓▓▓▓▓▓▓▓▓▓▓▓▓▓▓▓▓ ▓<...†)....@gJlws+ ▓▓▓▓▓▓▓▓▓▓▓▓▓▓▓▓▓▓

You could see a gnoll sergeant, a worm, a scorpion, an iguana and a jelly.

Vanquished Creatures
  A kobold (D)
  2 ball pythons (D)
  2 rats (D)
5 creatures vanquished.

Notes
Turn   | Place    | Note
-------+----------+-------------------------------------------
     0 | D        | 123456 the Minotaur Fighter began the quest for the Orb.
     0 | D        | Reached XP level 1. HP: 19/19 MP: 0/0
    15 | D        | Reached skill level 1 in Dodging
   166 | D        | Noticed a gnoll sergeant
   166 | D        | Noticed a jelly
   166 | D        | Noticed an iguana
   166 | D        | Noticed a scorpion
   168 | D        | HP: 1/20 [gnoll sergeant/+4 vorpal spear (9)]
   168 | D        | Slain by a gnoll sergeant

Illustrated notes

Levels and vault maps discovered:
D:        linesprint [early_d, line_temple, items_1, d_10, items_2, lair_1,
          lair_end, items_3, orc_1, orc_end, items_4, d_15, swamp_1, shoals_1,
          snake_1, spider_1, d_20, vaults_1, items_5, swamp_end, shoals_end,
          snake_end, spider_end, vaults_end, d_27, items_6, zot_1, zot_end,
          crypt_end, forest_end, elf_end, slime_end, tomb_end, abyss_end,
          pan_hell_end]

Skill      XL: |  1 |
---------------+----+-----
Fighting       | 4 |  4.3
Maces & Flails | 3 |  3.3
Dodging        | 1 |  1.1
Armour         | 4 |  4.0
Shields        | |  3.6

Action                   || total
-------------------------++-------
Melee: Flail             ||    13
       Headbutt          ||     3
Armor: Scale mail        ||     6
Dodge: Dodged            ||     5
Block: Buckler           ||     1

Table legend: (Time is in decaauts)
 A = Elapsed time spent in this place.
 B = Non-inter-level travel time spent in this place.
 C = Inter-level travel time spent in this place.
 D = Time resting spent in this place.
 E = Time spent auto-exploring this place.
 F = Levels seen in this place.
 G = Mean time per level.
                   A        B        C        D        E       F      G
               +--------+--------+--------+--------+--------+-----+--------+
         Total |    171 |    171 |      0 |      0 |    150 |   1 |  171.0 |
       Dungeon |    171 |    171 |      0 |      0 |    150 |   1 |  171.0 |
               +--------+--------+--------+--------+--------+-----+--------+

Top non-repeatable levels by time:
       D: 171 daAuts
